 Dungeon Crawl Stone Soup version 0.23.1 (webtiles) character file.

Game seed: 18329971839414009848

254 Jannitor the Skirmisher (level 5, -7/47 HPs)
             Began as a Centaur Chaos Knight on Mar 6, 2019.
             Was a Plaything of Xom.
             Engulfed by a cloud of flame (26 damage)
             ... on level 3 of the Dungeon.
             The game lasted 00:03:07 (2216 turns).

Jannitor the Skirmisher (Centaur Chaos Knight)      Turns: 2216, Time: 00:03:12

Health: -7/47      AC:  6    Str: 15    XL:     5   Next: 90%
Magic:  5/5        EV:  7    Int: 11    God:    Xom [..*...]
Gold:   114        SH:  0    Dex:  9    Spells: 4/4 levels left

rFire    . . .     SeeInvis .   s - +1 halberd
rCold    . . .     Gourm    .   (shield currently unavailable)
rNeg     . . .     Faith    .   x - +0 scale mail
rPois    .         Spirit   .   (no helmet)
rElec    .         Reflect  .   (no cloak)
rCorr    .         Harm     .   (no gloves)
MR       .....                  (no barding)
Stlth    ..........             (no amulet)
HPRegen  0.15/turn              k - ring of wizardry
MPRegen  0.09/turn              (no ring)

@: very quick
A: large, hooves 3, deformed body, speed 2, tough skin 3
a: Renounce Religion


You were on level 3 of the Dungeon.
You worshipped Xom.
You were a toy of Xom.
You were not hungry.

You visited 1 branch of the dungeon, and saw 3 of its levels.

You collected 114 gold pieces.

Inventory:

Hand Weapons
 a - a +0 spear of chaos
 s - a +1 halberd (weapon)
Missiles
 d - a throwing net (quivered)
Armour
 b - a +2 leather armour
 x - a +0 scale mail (worn)
Jewellery
 k - a ring of wizardry (left hand)
Scrolls
 f - 3 scrolls of teleportation {unknown}
 g - 4 scrolls of identify
 l - a scroll of immolation
 q - a scroll of magic mapping
 t - 2 scrolls of noise
Potions
 h - a potion of mutation
 j - 2 potions of lignification
 m - 2 potions of agility
 n - 2 potions of flight {unknown}
 o - 3 potions of cancellation {unknown}
 p - 2 potions of curing {unknown}
 u - a potion of degeneration {unknown}
 v - 2 potions of haste {unknown}
 w - 2 potions of heal wounds {unknown}
Comestibles
 c - 5 rations
 z - 6 chunks of flesh


   Skills:
 + Level 4.5 Fighting
 + Level 4.1 Polearms
 + Level 2.9 Armour
 - Level 0.6 Dodging


You had 4 spell levels left.
You didn't know any spells.
Your spell library was empty.

Dungeon Overview and Level Annotations

Branches:
Dungeon (3/15)

Altars:
Dithmenos
Elyvilon
Qazlal
Uskayaw


Innate Abilities, Weirdness & Mutations

You have hooves in place of feet.
Armour fits poorly on your strangely shaped body.
You cover ground very quickly.
You have extremely tough skin. (AC +3)


Message History

As you read the scroll labeled HOCENL VAESHRIE, it crumbles to dust.
It is a scroll of amnesia.
You feel forgetful for a moment. The rat bites you.
As you read the scroll labeled ANTUWO OPHO, it crumbles to dust.
It is a scroll of identify.
h - a potion of mutation The rat bites you but does no damage.
As you read the scroll of identify, it crumbles to dust.
j - 2 potions of lignification The rat bites you but does no damage.
As you read the scroll of identify, it crumbles to dust.
m - 2 potions of agility The rat bites you.
You hit the rat.
The rat explodes!
The fiery explosion engulfs you!!
Ouch! That really hurt!
You are engulfed in blazing flames.
Ouch! That really hurt!
You die...

#.....#.......####.##....+......#
#.....####.........##....#.#.....
#.....####..........'....+.......
#...................#....#.#..#..
######.................###.#.....
#****#...........................
,,,,,############.............#..
,,,,,**,,.....§##.............#..
,,,,,*,,,.....§§@.............#..
,,,,,*,,,.....§##......#####..#.#
,,,,,*,,,.....,*#................
,,,,,*,,,...%,,*#......######.#.#
,,,,,*,,,...,,,*#.....## ###.#
,,,,,*,,,..,,,,*#.....# #.#
,,,,,*,,,.,,,,,*#.....# #..
,,,,,*,**********.....# ###
,,,,,*,* *,,,,,*


There were no monsters in sight!

Vanquished Creatures
  A bullfrog (D:3)
  A scorpion (D:2)
  Terence (D:3)
  3 gnolls (D:3)
  An adder (D:3)
  2 worms
  6 giant cockroaches
  9 goblins
  8 hobgoblins
  4 jackals (D:1)
  A quokka (D:3)
  3 ball pythons
  8 bats
  3 frilled lizards
  14 kobolds
  8 rats
73 creatures vanquished.

Notes
Turn   | Place    | Note
-------+----------+-------------------------------------------
     0 | D:1      | Jannitor the Centaur Chaos Knight began the quest for the
                  | Orb.
     0 | D:1      | Reached XP level 1. HP: 19/19 MP: 1/1
    66 | D:1      | Reached XP level 2. HP: 26/26 MP: 2/2
   299 | D:1      | XOM: potion effect (haste)
   357 | D:1      | Reached XP level 3. HP: 27/31 MP: 3/3
   410 | D:1      | XOM: divination: detect creatures
   628 | D:2      | Found a hide-covered altar of Uskayaw.
   660 | D:2      | Noticed a +0 hand axe
   663 | D:2      | Found a shadowy altar of Dithmenos.
   669 | D:2      | Noticed a -3 dagger
   679 | D:2      | Noticed a scorpion
   691 | D:2      | Killed a scorpion
   691 | D:2      | Reached XP level 4. HP: 29/40 MP: 4/4
   978 | D:2      | Found a stormy altar of Qazlal.
  1408 | D:3      | XOM: noise
  1409 | D:3      | Noticed a bullfrog
  1416 | D:3      | Killed a bullfrog
  1416 | D:3      | Reached XP level 5. HP: 45/46 MP: 5/5
  1584 | D:3      | Found a white marble altar of Elyvilon.
  1729 | D:3      | Noticed Terence
  1737 | D:3      | Killed Terence
  2216 | D:3      | Engulfed by a cloud of flame

Skill      XL: |  1  2  3  4  5 |
---------------+----------------+-----
Polearms       | 3 4 |  4.1
Armour         | 2 |  2.9
Fighting       | 4 |  4.5
Dodging        | |  0.6

Action                   |  1- 3 |  4- 6 || total
-------------------------+-------+-------++-------
Melee: Spear             |   105 |   120 ||   225
       Kick              |    12 |    14 ||    26
       Halberd           |       |     1 ||     1
  Use: Scroll            |       |     9 ||     9
 Stab: Confused          |     1 |       ||     1
       Petrifying        |       |     1 ||     1
  Eat: Chunk             |       |     3 ||     3
Armor: Leather armour    |    28 |    21 ||    49
       Scale mail        |       |    14 ||    14
Dodge: Dodged            |    23 |    51 ||    74
